 Dungeon Sprint DCSS version 0.31-a0-43-g46d131a48f (webtiles) character file.

Game seed: 7994365434205094026

342 sircluck the Grappler (level 6, -5/68 HPs)
             Began as a Troll Berserker on May 19, 2023.
             Was a Believer of Trog.
             Killed from afar by a lava snake (15 damage)
             ... with a glob of lava
             ... in the Dungeon (Sprint II: "The Violet Keep of Menkaure").
             The game lasted 00:00:19 (71 turns).

sircluck the Grappler (Troll Berserker)               Turns: 71, Time: 00:00:20

Health: -5/68      AC:  4    Str: 28    XL:     6   Next: 30%
Magic:  5/5        EV: 11    Int:  3    God:    Trog [**....]
Gold:   243        SH:  0    Dex:  9    Spells: 5/5 levels left

rFire   . .          .
                       - Unarmed
rCold   . . .        (no shield)
rNeg    . . .        a - +0 animal skin
rPois   .            (helmet restricted)
rElec   .            (no cloak)
rCorr   .            (gloves unavailable)
SInv    .            (boots unavailable)
Will    .....        (no amulet)
Stlth   +            (no ring)
HPRegen 1.11/turn    (no ring)
MPRegen 0.09/turn

%: no teleportation
@: no status effects
A: large, unfitting armour, claws 3, regeneration 1, shaggy fur 1, tough skin 1
a: Renounce Religion, Berserk, Trog's Hand


You were in the Dungeon.
You worshipped Trog.
Trog was pleased with you.
You visited 1 branch You collected 243 gold pieces.

Inventory:

Armour
 a - a +0 animal skin (worn)
Scrolls
 g - a scroll of blinking
Potions
 b - a potion of curing
 c - a potion of heal wounds
 d - a potion of haste
 e - 2 potions of magic
 f - a potion of berserk rage


   Skills:
 + Level 6.5 Fighting
 + Level 7.0 Dodging
 + Level 8.8 Unarmed Combat


You had 5 spell levels left.
You didn't know any spells.
Your spell library was empty.

Dungeon Overview and Level Annotations

Branches:
Dungeon (1/1)

Altars:


Innate Abilities, Weirdness & Mutations

You are too large for most types of armour.
You have claws for hands.
Your natural rate of healing is unusually fast.
You are covered in fur. (AC +1)
You have tough skin. (AC +1)


Message History

You claw the neqoxec!
The neqoxec is almost dead.
The neqoxec hits you!
You claw the neqoxec!
You kill the neqoxec!
Trog accepts your kill.
You can now call upon Trog for regeneration and willpower.
Menkaure, Prince of Dust comes into view.
Found 243 gold pieces.
Menkaure barely misses you.
You mangle Menkaure!!
You destroy Menkaure!
Trog accepts your kill.
Trog appreciates your killing of a magic user.
Your Dodging skill increases to level 7!
There is an open door here.
You now have 243 gold pieces.
There is an open door here.
You close the door.
You recover from your berserk rage. 2 lava snakes come into view.
The lava snake hisses angrily.
A lava snake comes into view.
The lava snake moves out of view.
A lava snake comes into view.
The lava snake spits lava at you. The glob of lava hits you!
Really walk into a travel-excluded area?
The lava snake hisses angrily.
The lava snake spits lava at you. The glob of lava misses you.
The lava snake spits lava at you. The glob of lava hits you!!
The lava snake spits lava at you. The glob of lava hits you!!
* * * LOW HITPOINT WARNING * * *
A water moccasin comes into view.
The water moccasin hisses angrily.
The lava snake spits lava at you. The glob of lava hits you!
You die...

##§###
≈§°§○○○
≈§§°°○°
≈○☼○○○§
§≈○°°S○
§≈°≈SSS
+++#§§'##
.S.....@#
.##+##..#
##
##.####
.#
#.#....#


l#l ###..## #+###.##..# ##.##.#.#..# +.<.'##.+..# ##.###..#.§..# You could see a
water moccasin and 4 lava snakes.

Vanquished Creatures
  3 neqoxecs (D)
  Menkaure (D)
4 creatures vanquished.

Vanquished Creatures (others)
  A neqoxec (D)
1 creature vanquished.

Grand Total: 5 creatures vanquished

Notes
Turn   | Place    | Note
-------+----------+-------------------------------------------
     0 | D        | sircluck the Troll Berserker began the quest for the Orb.
     0 | D        | Reached XP level 1. HP: 22/22 MP: 0/0
     1 | D        | Noticed a wyvern
     1 | D        | Noticed a wyvern
     5 | D        | Noticed a neqoxec
    11 | D        | Noticed a neqoxec
    14 | D        | Killed a neqoxec
    15 | D        | Reached skill level 5 in Fighting
    15 | D        | Reached skill level 5 in Dodging
    15 | D        | Reached skill level 6 in Unarmed Combat
    15 | D        | Reached XP level 2. HP: 26/35 MP: 1/1
    15 | D        | Reached XP level 3. HP: 32/42 MP: 2/2
    15 | D        | Reached XP level 4. HP: 38/50 MP: 3/3
    18 | D        | Killed a neqoxec
    19 | D        | Reached skill level 8 in Unarmed Combat
    19 | D        | Reached XP level 5. HP: 36/59 MP: 4/4
    19 | D        | Reached XP level 6. HP: 41/67 MP: 5/5
    49 | D        | Noticed a neqoxec
    52 | D        | Killed a neqoxec
    52 | D        | Reached ** piety under Trog
    53 | D        | Noticed Menkaure
    54 | D        | Killed Menkaure
    65 | D        | Killed a neqoxec
    71 | D        | Noticed a water moccasin
    71 | D        | Killed from afar by a lava snake

Illustrated notes

Levels and vault maps discovered:
D:        the_violet_keep_of_menkaure [sprint2_stairs_cluster_1,
          sprint2_shoproom, sprint2_temple, sprint2_basic_supplies,
          sprint2_obstacle_3, sprint2_obstacle_1, sprint2_obstacle_5,
          sprint2_obstacle_7, sprint2_obstacle_4, sprint2_timed_cluster_1,
          sprint2_smallroom_cluster_1, sprint2_smallroom_final_cluster_1,
          sprint2_transparent_cluster_1, sprint2_second_timed_cluster_1,
          sprint2_sniper_area_1, sprint2_heavy_combat_area_1,
          sprint2_mutation_trap_area_1, sprint2_forest_area_1,
          sprint2_light_combat_area_1, sprint2_behind_water_1,
          sprint2_near_end_vault_1]

Skill      XL: |  1  2  3  4  5  6 |
---------------+-------------------+-----
Fighting       | 5 6 |  6.5
Dodging        | 5 6 7 |  7.0
Unarmed Combat | 6 8 |  8.8

Action                     |  1- 3 |  4- 6 || total
---------------------------+-------+-------++-------
  Melee: Unarmed           |     7 |     6 ||    13
 Invoke: Berserk           |     1 |       ||     1
 Armour: Animal skin       |       |     1 ||     1
  Dodge: Dodged            |       |     3 ||     3

Table legend: (Time is in decaauts)
 A = Elapsed time spent in this place.
 B = Non-inter-level travel time spent in this place.
 C = Inter-level travel time spent in this place.
 D = Time resting spent in this place.
 E = Time spent auto-exploring this place.
 F = Levels seen in this place.
 G = Mean time per level.
                   A        B        C        D        E       F      G
               +--------+--------+--------+--------+--------+-----+--------+
         Total |     78 |     78 |      0 |     42 |      1 |   1 |   78.0 |
       Dungeon |     78 |     78 |      0 |     42 |      1 |   1 |   78.0 |
               +--------+--------+--------+--------+--------+-----+--------+

Top non-repeatable levels by time:
       D: 78 daAuts
